 Dungeon Crawl Stone Soup version 0.31-a0-564-g3b7de120b3 (webtiles) character file.

Game seed: 11268586363991455669

1054 Shayle the Trooper (level 8, -4/124 HPs)
             Began as an Ogre Shapeshifter on Aug 17, 2023.
             Was an Initiate of Ashenzari.
             Splashed by a jelly's acid (6 damage)
             ... on level 5 of the Dungeon.
             The game lasted 00:10:08 (5422 turns).

Shayle the Trooper (Ogre Shapeshifter)              Turns: 5422, Time: 00:10:10

Health: -4/124     AC: -3    Str: 20    XL:     8   Next: 26%
Magic:  0/13       EV:  1    Int: 11    God:    Ashenzari [......]
Gold:   31         SH:  0    Dex:  9    Spells: 13/13 levels left

rFire   . .          .
                       - Unarmed
rCold   . . .        (no shield)
rNeg    . . .        a - melded +0 animal skin
rPois   +            (helmet currently unavailable)
rElec   .            (cloak currently unavailable)
rCorr   .            (gloves unavailable)
SInv    .            (boots unavailable)
Will    .....        f - amulet of guardian spirit
Stlth   +            (no ring)
HPRegen 0.40/turn    (no ring)
MPRegen 0.13/turn

%: guardian spirit
@: tree-form, corroded
A: stationary, stasis, torment immunity, boosted hp, large, unfitting armour,
(tough skin 1)
a: Renounce Religion


You were on level 5 of the Dungeon.
You worshipped Ashenzari.
Ashenzari was noncommittal.
You were a tree.
You visited 2 branches of the dungeon, and saw 7 of its levels.

You collected 305 gold pieces.
You spent 274 gold pieces at shops.

Inventory:

Missiles
 s - 6 curare-tipped darts
Armour
 a - a +0 animal skin (melded)
Jewellery
 f - an amulet of guardian spirit (around neck)
Talismans
 c - a beast talisman
 d - a flux talisman
Wands
 k - a wand of polymorph (7)
Scrolls
 g - 2 scrolls of enchant armour
 h - 6 scrolls of teleportation
 i - a scroll of brand weapon {unknown}
 j - a scroll of fear {unknown}
 m - a scroll of immolation {unknown}
 p - a scroll of torment {unknown}
 q - 2 scrolls of blinking
Potions
 e - 3 potions of attraction
 l - a potion of berserk rage {unknown}
 n - 2 potions of haste
 r - a potion of curing


   Skills:
 + Level 6.1 Fighting
 + Level 4.5 Dodging
 + Level 5.1 Unarmed Combat
 + Level 3.3 Spellcasting
 - Level 4.0 Shapeshifting


You had 13 spell levels left.
You didn't know any spells.
Your spell library contained the following spells:

 Spells                   Type           Power      Damage    Failure   Level
 Wereblood                Tmut           1%         N/A       36%         2
 Portal Projectile        Hex/Tloc       2%         N/A       58%         3
 Tukima's Dance           Hex            1%         N/A       58%         3
 Iskenderun's Mystic Bla  Conj/Tloc      1%         2d3       94%         4
 Irradiate                Conj/Tmut      0%         3d11      100%        5


Dungeon Overview and Level Annotations

Branches:
Dungeon (6/15)             Temple (1/1) D:6

Altars:
Ashenzari
Cheibriados
Elyvilon
Gozag
Nemelex Xobeh
Qazlal
Ru
Sif Muna
Trog
Uskayaw
Wu Jian
Xom
Zin
The Shining One

Shops:
D:6 *(=*=


Innate Abilities, Weirdness & Mutations

You are a tree.
Your roots penetrate the ground, keeping you stationary.
You cannot be teleported.
You are immune to unholy pain and torment.
Your maximum health is greatly increased.
Your equipment is partially melded.
You are too large for most types of armour.
((You have tough skin. (AC +1)))


Message History

The jelly hits you.
You are splashed with acid!
You hit the jelly.
Your hands burn!
* * * LOW HITPOINT WARNING * * *
The jelly is heavily wounded.
The jelly barely misses you.
Unknown command.
Okay, then.
Okay, then.
You feel much better. The jelly completely misses you.
You hit the jelly but do no damage. The acid corrodes you!
Your hands burn!
The jelly is heavily wounded.
The jelly hits you.
You are splashed with acid!
You completely miss the jelly.
The jelly is heavily wounded.
You hit the jelly but do no damage.
Your hands burn!
The jelly is heavily wounded.
The jelly hits you.
You are splashed with acid!
* * * LOW HITPOINT WARNING * * *
Your transformation has ended.
You turn into a tree.
Your +0 animal skin melds into your body.
Your roots penetrate the ground.
The jelly hits you.
* * * LOW HITPOINT WARNING * * *
You are splashed with acid!
* * * LOW HITPOINT WARNING * * *
You hit the jelly but do no damage.
Your branches burn!
* * * LOW HITPOINT WARNING * * *
The jelly is heavily wounded.
The jelly hits you.
* * * LOW HITPOINT WARNING * * *
The acid corrodes you!
You are splashed with acid!
* * * LOW HITPOINT WARNING * * *
Unknown command.
You hit the jelly but do no damage.
Your branches burn!
* * * LOW HITPOINT WARNING * * *
The jelly is heavily wounded.
The jelly hits you.
* * * LOW HITPOINT WARNING * * *
The acid corrodes you!
You are splashed with acid.
You die...

.....##### # #....... ...#..#
##... ......## ..##..##....#
#......# #####........
##......# ..##
.......####......#
J>.###...............#
....#....# #.........## ####
....#..# #...J.....####..###
.....).# #..♣......##.....#
.....### ##.....##...##...##
......# #......##...##....##
.....## ##...###....#......##
....## #.....###..####......#
....# ...............##....>..
.####
..........##........##..#
.#.###
...........#.........####
.......#...........##........#


You could see a jelly.

Vanquished Creatures
  Edmund (D:5)
  An ice beast (D:6)
  An ogre (D:5)
  A centaur (D:5)
  A phantom (D:4)
  2 scorpions (D:4)
  A howler monkey (D:6)
  2 orc priests
  4 hounds
  A jelly (D:5)
  A sleepcap (D:5)
  2 iguanas
  An orc wizard (D:6)
  5 adders
  A shadow imp (D:6)
  An ufetubus (D:5)
  2 worms
  6 dart slugs
  7 orcs
  7 endoplasms
  3 giant cockroaches
  6 goblins
  7 hobgoblins
  3 jackals (D:2)
  8 kobolds
  5 quokkas
  11 ball pythons
  2 bats
  4 frilled lizards
  A rat (D:2)
98 creatures vanquished.

Notes
Turn   | Place    | Note
-------+----------+-------------------------------------------
     0 | D:1      | Shayle the Ogre Shapeshifter began the quest for the Orb.
     0 | D:1      | Reached XP level 1. HP: 19/19 MP: 1/1
   256 | D:1      | Reached XP level 2. HP: 21/28 MP: 2/2
   468 | D:1      | Reached skill level 2 in Fighting
  1096 | D:2      | Reached XP level 3. HP: 19/35 MP: 3/3
  1242 | D:2      | Identified the +1 scale mail "Watoan" {rF+ rCorr Dex+3}
  1302 | D:2      | Found a faded altar of an unknown god.
  1602 | D:2      | Reached XP level 4. HP: 20/44 MP: 4/4
  1908 | D:3      | Noticed a +0 short sword
  1908 | D:3      | Noticed a +0 spear
  1908 | D:3      | Noticed a +0 spear
  1909 | D:3      | Noticed a +0 short sword
  1910 | D:3      | Noticed a +0 dagger
  1910 | D:3      | Noticed a +0 dagger
  1910 | D:3      | Noticed a +0 falchion
  1920 | D:3      | Noticed a +0 falchion
  2003 | D:3      | Found a hide-covered altar of Uskayaw.
  2310 | D:3      | Reached skill level 3 in Fighting
  2356 | D:3      | Reached XP level 5. HP: 40/53 MP: 5/5
  2432 | D:3      | Found a sacrificial altar of Ru.
  3077 | D:4      | Noticed a phantom
  3103 | D:4      | Killed a phantom
  3104 | D:4      | Reached skill level 4 in Fighting
  3104 | D:4      | Reached XP level 6. HP: 32/62 MP: 6/6
  3705 | D:5      | Entered Level 5 of the Dungeon
  3798 | D:5      | Noticed Edmund
  3830 | D:5      | Killed Edmund
  3831 | D:5      | Reached skill level 1 in Spellcasting
  3831 | D:5      | Reached XP level 7. HP: 18/71 MP: 6/9
  3833 | D:5      | Reached skill level 5 in Fighting
  4131 | D:5      | Found an ornate altar of the Wu Jian Council.
  4582 | D:6      | Found Huarato's Jewellery Emporium.
  4582 | D:6      | Found Soqepnetwe's Antique Weapon Emporium.
  4585 | D:6      | Found Aduygoz's Jewellery Emporium.
  4585 | D:6      | Found Canojo's General Store.
  4601 | D:6      | Bought a potion of heal wounds for 55 gold pieces
  4601 | D:6      | Bought a scroll of identify for 22 gold pieces
  4601 | D:6      | Bought a scroll of blinking for 82 gold pieces
  4694 | D:6      | Reached XP level 8. HP: 77/83 MP: 10/12
  4735 | D:6      | Found a staircase to the Ecumenical Temple.
  4930 | Temple   | Entered the Ecumenical Temple
  4956 | Temple   | Became a worshipper of Ashenzari the Shackled
  5032 | D:6      | Found a sparkling altar of Nemelex Xobeh.
  5075 | D:6      | Reached skill level 6 in Fighting
  5075 | D:6      | Reached skill level 5 in Unarmed Combat
  5078 | D:6      | Found Gikhlaonn's General Store.
  5241 | D:6      | Bought a potion of curing for 36 gold pieces
  5241 | D:6      | Bought a scroll of teleportation for 36 gold pieces
  5241 | D:6      | Bought 3 curare-tipped darts for 43 gold pieces
  5422 | D:5      | HP: 3/124 [acid (4)]
  5422 | D:5      | Splashed by a jelly's acid

Illustrated notes

Levels and vault maps discovered:
D:1:      lightli_arrival_flooded_house, layout_basic
D:2:      layout_rooms, shapermc_ecumenical_altar_mp_vishouse,
          wad_floor_pattern_1, minmay_pentomino_pile
D:3:      layout_loops_ring, nicolae_ru_sacrificial_ziggurat,
          nicolae_uskayaw_en_pointe
D:4:      layout_loops_cross
D:5:      layout_cave_pools, nicolae_wu_jian_immortal_techniques, uniq_edmund
D:6:      cheibrodos_thug_alley, layout_loops_ring,
          mainiacjoe_overflow_cross_hatched, minmay_temple_entry_slanted,
          serial_shops, shop, nicolae_specific_store, minmay_shop_grid_forest
Temple:   chequers_temple_sunken

Skill      XL: |  1  2  3  4  5  6  7  8 |
---------------+-------------------------+-----
Dodging        | 2 3 4 |  4.5
Fighting       | 2 3 4 5 6 |  6.1
Unarmed Combat | 3 4 5 |  5.1
Shapeshifting  | 4 |  4.0
Spellcasting   | 1 2 3 |  3.3

Action                     |  1- 3 |  4- 6 |  7- 9 || total
---------------------------+-------+-------+-------++-------
  Melee: Unarmed           |   115 |   137 |   103 ||   355
         Punch             |     2 |     2 |     5 ||     9
  Evoke: Wand              |       |     7 |     4 ||    11
    Use: Scroll            |       |     3 |     3 ||     6
         Potion            |       |     3 |     2 ||     5
   Stab: Sleeping          |     1 |       |       ||     1
         Paralysed         |       |     7 |    14 ||    21
 Armour: Animal skin       |    27 |    18 |    12 ||    57
         Skin              |       |    47 |     1 ||    48
  Dodge: Dodged            |    65 |    53 |    36 ||   154

Table legend: (Time is in decaauts)
 A = Elapsed time spent in this place.
 B = Non-inter-level travel time spent in this place.
 C = Inter-level travel time spent in this place.
 D = Time resting spent in this place.
 E = Time spent auto-exploring this place.
 F = Levels seen in this place.
 G = Mean time per level.
                   A        B        C        D        E       F      G
               +--------+--------+--------+--------+--------+-----+--------+
         Total |   5398 |   5223 |    175 |    833 |   3309 |   7 |  771.1 |
       Dungeon |   5346 |   5197 |    149 |    833 |   3309 |   6 |  891.0 |
        Temple |     52 |     26 |     26 |      0 |      0 |   1 |   52.0 |
               +--------+--------+--------+--------+--------+-----+--------+

Top non-repeatable levels by time:
     D:4: 1088 daAuts
     D:1: 1066 daAuts
     D:5: 897 daAuts
     D:3: 888 daAuts
     D:2: 764 daAuts
     D:6: 639 daAuts
  Temple: 52 daAuts
